 Dungeon Crawl Stone Soup version 0.18-a0-1805-g8ab820f (webtiles) character file.

69 M4edhros the Poker (level 4, 0/35 HPs)
             Began as a Mummy Chaos Knight on Apr 26, 2016.
             Slain by a worm (17 damage)
             ... on level 2 of the Dungeon.
             The game lasted 00:01:01 (1467 turns).

M4edhros the Poker (Mummy Chaos Knight)             Turns: 1467, Time: 00:01:01

Health: 0/35       AC:  6    Str: 15    XL:     4   Next: 2%
Magic:  4/4        EV: 11    Int: 11    God:    Xom [..*...]
Gold:   82         SH:  0    Dex: 12    Spells: 0 memorised, 3 levels left

rFire  x . .     SeeInvis .     a - +0 spear (chaos)
rCold  + . .     Gourm    .     b - +2 leather armour
rNeg   + + +     Faith    .     (no shield)
rPois  ∞         Spirit   .     (no helmet)
rElec  .         Dismiss  .     (no cloak)
rCorr  .         Reflect  .     (no gloves)
SustAt .         Harm     .     f - +0 pair of boots
MR     .....                    (no amulet)
Stlth  +.........               (no ring)
                                (no ring)

@: not resistant to hostile enchantments, very unstealthy
A: no food or potions, fire vulnerability, cold resistance 1, negative energy
resistance 3, torment resistance, unbreathing
a: Renounce Religion


You were on level 2 of the Dungeon.
You worshipped Xom.
You were a toy of Xom.
You were not hungry.

You visited 1 branch of the dungeon, and saw 2 of its levels.

You collected 82 gold pieces.

Inventory:

Hand Weapons
 a - a +0 spear of chaos (weapon)
Missiles
 g - 18 stones (quivered)
Armour
 b - a +2 leather armour (worn)
 f - a +0 pair of boots (worn)
Jewellery
 c - a cursed amulet of inaccuracy {unknown}
Scrolls
 d - 2 scrolls of amnesia {unknown}
 e - 3 scrolls of identify {unknown}


   Skills:
 - Level 3.0 Fighting
 + Level 4.0 Polearms
 - Level 1.5 Armour
 - Level 0.7 Dodging


You had 3 spell levels left.
You didn't know any spells.

Dungeon Overview and Level Annotations

Branches:
Dungeon (2/15)

Altars:
Okawaru
Xom


Innate Abilities, Weirdness & Mutations

You do not eat or drink.
Your flesh is vulnerable to fire.
You are immune to poison.
Your flesh is cold resistant.
You are immune to negative energy.
You are immune to unholy pain and torment.
You can survive without breathing.


Message History

Attack whom?
Press: ? - help, Dir - move target cursor, f - worm
Aim: a worm You reach to attack!
You hit the worm but do no damage.
The worm goes berserk!
You hit the worm. Strange energies run through your body.
The worm is lightly wounded.
You hit the worm.
The worm is poisoned.
The worm is lightly wounded.
The worm bites you.
You hit the worm but do no damage.
The worm is lightly wounded.
The worm bites you!
You hit the worm. You burn the worm.
The worm is moderately wounded.
The worm bites you!
You hit the worm but do no damage.
The worm looks slightly unstable.
The worm is moderately wounded.
The worm bites you!
You die...
Xom yawns loudly!

......# ########.. #≈#
##....# #......... #≈
....# #.#......... #
##..#.# #.#......... ...
#.#.#.#.........
###.#.#.#.#......... #
............########.#..
###.#...................
................@w....#
###.........###.###.#.#
###....#....# #...
.......#....# ..###
###.........#...#
.......##.###...#
####...##.# #...#
#.).##<# #.... #...##.#


You could see a worm (berserk).

Vanquished Creatures
  4 adders
  A giant gecko (D:1)
  A giant cockroach (D:2)
  6 goblins
  3 hobgoblins
  A quokka (D:2)
  9 bats
  4 giant newts (D:2)
  2 kobolds (D:1)
  2 rats
33 creatures vanquished.

Notes
Turn   | Place    | Note
--------------------------------------------------------------
     0 | D:1      | M4edhros the Mummy Chaos Knight began the quest for the Orb.
     0 | D:1      | Reached XP level 1. HP: 18/18 MP: 1/1
   211 | D:1      | Found an iron altar of Okawaru.
   229 | D:1      | Reached XP level 2. HP: 22/24 MP: 2/2
   274 | D:1      | Reached skill level 3 in Polearms
   807 | D:1      | XOM: silly message
   821 | D:2      | Found a shimmering altar of Xom.
   834 | D:2      | Reached XP level 3. HP: 23/29 MP: 3/3
   885 | D:2      | Found a faded altar to an unknown god.
  1170 | D:2      | Reached skill level 4 in Polearms
  1231 | D:2      | XOM: silly message
  1328 | D:2      | Reached XP level 4. HP: 33/35 MP: 4/4
  1467 | D:2      | Slain by a worm

Vault maps used:
D:1:      erik_arrival_triangle_huge, minmay_misc_feat_encased,
          okawaru_ov_weapons_minmay
D:2:      old_standard_altar, old_standard_altar, ecumenical_altar_2,
          lemuel_another_geyser

Skill      XL: |  1  2  3 |
---------------+----------+-----
Polearms       | 3 4 |  4.0
Fighting       | |  3.0
Armour         | |  1.5
Dodging        | |  0.7

Action                   |  1- 3 |  4- 6 || total
-------------------------+-------+-------++-------
Melee: Spear             |    92 |     9 ||   101
 Stab: Confused          |       |     1 ||     1
Armor: Leather armour    |    34 |       ||    34
Dodge: Dodged            |    32 |     1 ||    33
